 Dungeon Crawl Stone Soup version 0.18-a0-987-g0b0e4e7 (webtiles) character file.

494 M4edhros the Sneak (level 7, -2/43 HPs)
             Began as an Octopode Artificer on Jan 3, 2016.
             Slain by an ogre
             ... wielding a +0 giant spiked club
              (36 damage)
             ... on level 4 of the Dungeon.
             The game lasted 00:04:57 (2289 turns).

M4edhros the Sneak (Octopode Artificer)             Turns: 2289, Time: 00:04:58

Health: -2/43      AC:  1    Str: 11    XL:     7   Next: 15%
Magic:  19/19      EV: 14    Int: 16    God:
Gold:   120        SH:  0    Dex: 12    Spells: 0 memorised, 6 levels left

rFire  . . .     SeeInvis .     a - +0 short sword
rCold  + . .     Gourm    .     (no shield)
rNeg   . . .     Faith    .     (helmet restricted)
rPois  .         Spirit   .     (no amulet)
rElec  .         Dismiss  .     v - ring of magical power
rCorr  .         Reflect  .     y - ring of protection from cold
SustAt .         Harm     .     (no ring)
MR     .....                    (no ring)
Stlth  ++++......               (no ring)
                                (no ring)
                                (no ring)
                                (no ring)

@: not resistant to hostile enchantments, stealthy
A: almost no armour, amphibious, 8 rings, constrict 8, camouflage 1, gelatinous
body 1
a: no special abilities


You were on level 4 of the Dungeon.
You were not hungry.

You visited 1 branch of the dungeon, and saw 5 of its levels.

You collected 120 gold pieces.

Inventory:

Hand Weapons
 a - a +0 short sword (weapon)
 p - a +0 hunting sling
Missiles
 j - 100 stones (quivered)
 n - 26 sling bullets
Jewellery
 v - a ring of magical power (left tentacle)
 y - a ring of protection from cold (right tentacle)
Wands
 b - a wand of flame (7/48)
 c - a wand of enslavement (12/24)
 d - a wand of random effects (5/48)
 o - a wand of fire (4/15)
 u - a wand of fire (6/15)
Scrolls
 i - 2 scrolls of teleportation
 q - 3 scrolls of random uselessness
 r - 3 scrolls of blinking
 w - a scroll of fog
 A - 3 scrolls of remove curse
 B - a scroll of enchant armour {unknown}
Potions
 e - 2 potions of magic {unknown}
 g - a potion of haste {unknown}
 h - 2 potions of invisibility {unknown}
 k - a potion of mutation {unknown}
 l - a potion of agility {unknown}
 m - a potion of curing {unknown}
 t - 2 potions of degeneration {unknown}
 C - a potion of heal wounds {unknown}
Books
 s - a book of Cantrips

   Spells                             Type                      Level
   a - Corona                         Hexes                        1
   b - Animate Skeleton               Necromancy                   1
   c - Summon Small Mammal            Summoning                    1
   d - Apportation                    Translocation                1
 x - a book of Minor Magic

   Spells                             Type                      Level
   a - Magic Dart                     Conjuration                  1
   b - Blink                          Translocation                2
   c - Call Imp                       Summoning                    2
   d - Repel Missiles                 Charms/Air                   2
   e - Slow                           Hexes                        2
   f - Conjure Flame                  Conjuration/Fire             3
   g - Mephitic Cloud                 Conjuration/Poison/Air       3
Comestibles
 f - 4 bread rations
 z - 2 fruits
 D - 2 slices of pizza


   Skills:
 - Level 1.0 Fighting
 - Level 1.0 Short Blades
 * Level 2.8 Slings
 * Level 4.6 Dodging
 * Level 5.5 Stealth
 + Level 4.6 Evocations


You had 6 spell levels left.
You didn't know any spells.

Dungeon Overview and Level Annotations

Branches:
Dungeon (5/15)
 Temple: D:4-7

Altars:
Ashenzari
Dithmenos
Gozag
Sif Muna
Zin

Annotations:
D:3 Soeti's ghost, amateur OpMo


Innate Abilities, Weirdness & Mutations

You cannot wear most types of armour.
You are amphibious.
You can wear up to eight rings at the same time.
You can use your tentacles to constrict eight enemies at once.
Your skin changes colour to match your surroundings (Stealth).
Your rubbery body absorbs attacks (AC +1).


Message History

You hear a mighty clap of thunder!
The bolt of lightning misses the ogre.
This wand has 6 charges left.
Evoke which item? (* to show all) (? for menu, Esc to quit)
Zapping:
d - a wand of random effects (6/48)
Press: ? - help, Shift-Dir - straight line, f/p - ogre
Aim: an ogre, wielding a giant spiked club You hear a mighty clap of thunder!
The bolt of lightning hits the ogre.
The ogre is severely wounded.
This wand has 5 charges left.
Evoke which item? (* to show all) (? for menu, Esc to quit)
Zapping:
b - a wand of flame (8/48)
Press: ? - help, Shift-Dir - straight line, f/p - ogre
Aim: an ogre, wielding a giant spiked club (severely wounded)
The puff of flame hits the ogre.
The ogre is almost dead.
This wand has 7 charges left.
The ogre hits you with a giant spiked club!!!
Ouch! That really hurt!
You die...

##)#######
#.##########...#.... #...#
#.# #####.... #...# #.#
##..# #...# #.# #... #...#
##.#### #.## #...# .....#
# #.# #..)# ## .....# ...
#. ......! ..#.
###.###.....
..............#.@O$.....%.
...........#..#.#.###.....
##...#####.#..#.#.# ...
#..$# #.#......# # #...#
#.......### .. .
#.#.......# .#.
#.#..#..#.# .#.
#......#....... .. #
#.#.###.#.#....


You could see an ogre.

Vanquished Creatures
  A basilisk (D:5)
  A giant frog (D:4)
  2 crimson imps (D:5)
  A jelly (D:5)
  An orc wizard (D:4)
  Ijyb (D:2)
  2 worker ants
  2 hound skeletons (D:4)
  2 adders
  An ooze (D:3)
  An adder zombie (D:5)
  A worm (D:2)
  2 giant geckos
  4 orcs
  A bat (D:1)
  2 giant cockroaches
  7 goblins
  4 hobgoblins
  A giant gecko skeleton (D:4)
  A giant newt (D:3)
  3 rats
41 creatures vanquished.

Vanquished Creatures (collateral kills)
  A hound (D:4)
  A giant gecko (D:3)
  A giant newt (D:4)
3 creatures vanquished.

Grand Total: 44 creatures vanquished

Notes
Turn   | Place    | Note
--------------------------------------------------------------
     0 | D:1      | M4edhros the Octopode Artificer began the quest for the Orb.
     0 | D:1      | Reached XP level 1. HP: 13/13 MP: 3/3
   118 | D:1      | Reached XP level 2. HP: 15/18 MP: 4/4
   294 | D:2      | Noticed Ijyb
   304 | D:2      | Killed Ijyb
   304 | D:2      | Reached XP level 3. HP: 21/23 MP: 5/5
   435 | D:3      | Found an opulent altar of Gozag.
   450 | D:3      | Reached XP level 4. HP: 15/28 MP: 6/6
   460 | D:3      | Found a glowing silver altar of Zin.
   597 | D:3      | Noticed Soeti's ghost (amateur OpMo)
   641 | D:3      | Found a shattered altar of Ashenzari.
   654 | D:3      | Found a deep blue altar of Sif Muna.
   779 | D:4      | Reached skill level 4 in Evocations
   826 | D:4      | Reached XP level 5. HP: 22/33 MP: 8/8
   947 | D:4      | Reached skill level 1 in Slings
  1026 | D:5      | Entered Level 5 of the Dungeon
  1084 | D:5      | Noticed an ogre
  1227 | D:5      | Noticed a basilisk
  1227 | D:5      | an ogre changed into a basilisk
  1231 | D:5      | Killed a basilisk
  1231 | D:5      | Reached XP level 6. HP: 38/38 MP: 9/9
  1345 | D:5      | Found a shadowy altar of Dithmenos.
  1361 | D:5      | Reached skill level 5 in Stealth
  2079 | D:4      | Reached XP level 7. HP: 9/43 MP: 10/10
  2289 | D:4      | Slain by an ogre

Vault maps used:
D:1:      dpeg_arrival_refuge, serial_bayou_pond_a
D:2:      lemuel_crystal_altar, trog_three_pillars_becter, uniq_natasha,
          uniq_robin, uniq_iyjb
D:3:      kennysheep_the_goblin_king, nicolae_overflow_crystal_walls,
          lemuel_crystal_altar, grunt_gozag_statues, old_standard_altar,
          first_bread
D:5:      grunt_dithmenos_smoke_and_mirrors

Action                   |  1- 3 |  4- 6 |  7- 9 || total
-------------------------+-------+-------+-------++-------
Melee: Short sword       |    32 |    73 |     4 ||   109
Evoke: Wand              |     2 |    18 |     4 ||    24
  Use: Scroll            |       |     6 |       ||     6
 Stab: Sleeping          |     5 |     4 |       ||     9
  Eat: Chunk             |       |     2 |     2 ||     4
